 Dungeon Crawl Stone Soup version 0.27-a0-998-g4cfe56dd59 (webtiles) character file.

Game seed: 4311715515775953035

19730 DarkShadow the Carver (level 12, -7/108 HPs)
             Began as a Minotaur Fighter on Apr 17, 2021.
             Was an Initiate of Gozag.
             Blown up by a lich (18 damage)
             ... with a wavering orb of destruction
             ... on level 13 of the Dungeon.
             The game lasted 00:32:11 (15332 turns).

DarkShadow the Carver (Minotaur Fighter)           Turns: 15332, Time: 00:32:11

Health: -7/108     AC: 21    Str: 24    XL:     12   Next: 39%
Magic:  11/11      EV:  7    Int:  5    God:    Gozag
Gold:   2136       SH: 13    Dex: 12    Spells: 11/11 levels left

rFire    . . .     SeeInvis .   a - +4 long sword (drain)
rCold    + . .     Faith    .   c - +0 kite shield
rNeg     + . .     Spirit   .   y - +0 plate armour
rPois    +         Reflect  .   (helmet restricted)
rElec    .         Harm     .   f - +1 cloak {rPois}
rCorr    .         Rampage  .   e - +0 pair of gloves
Will     +....     Clarity  +   t - +0 pair of boots
Stlth    ..........             (no amulet)
HPRegen  0.28/turn              p - ring of protection from cold
MPRegen  0.12/turn              B - ring of positive energy

@: mighty, on berserk cooldown, slowed, very slow
A: horns 2, retaliatory headbutt, beak, claws 1, clarity, strong-willed 1
a: Renounce Religion, Potion Petition, Call Merchant, Bribe Branch


You were on level 13 of the Dungeon.
You worshipped Gozag.
Gozag was most pleased with you.
You visited 2 branches of the dungeon, and saw 14 of its levels.

You collected 2207 gold pieces.
You paid 71 gold pieces to Gozag.

Inventory:

Hand Weapons
 a - a +4 long sword of draining (weapon)
 x - a +4 scimitar of flaming
Missiles
 w - 3 atropa-tipped darts (quivered)
 C - a curare-tipped dart
Armour
 c - a +0 kite shield (worn)
 e - a +0 pair of gloves (worn)
 f - a +1 cloak of poison resistance (worn)
 m - a +0 chain mail
 q - a +2 buckler of fire resistance
 t - a +0 pair of boots (worn)
 y - a +0 plate armour (worn)
 F - a +0 pair of boots
Jewellery
 n - a ring of resist corrosion
 p - a ring of protection from cold (left hand)
 B - a ring of positive energy (right hand)
Wands
 i - a wand of flame (76)
 j - a wand of mindburst (29)
 s - a wand of iceblast (20)
 z - a wand of paralysis (11)
 A - a wand of acid (7)
Scrolls
 h - a scroll of amnesia
 u - a scroll of brand weapon
Potions
 d - a potion of might
 g - 2 potions of haste
 k - a potion of lignification
 l - a potion of curing
 r - a potion of ambrosia
 v - 2 potions of flight
 D - 2 potions of brilliance
 E - 2 potions of cancellation
Miscellaneous
 b - a box of beasts


   Skills:
 + Level 10.6 Fighting
 + Level 14.1 Long Blades
 + Level 12.2 Armour
 + Level 12.8 Shields


You had 11 spell levels left.
You didn't know any spells.
Your spell library contained the following spells:

 Spells                   Type           Power      Damage    Failure   Level
 Animate Skeleton         Necr           0%         N/A       100%        1
 Apportation              Tloc           0%         N/A       100%        1
 Beastly Appendage        Tmut           0%         N/A       100%        1
 Corona                   Hex            0%         N/A       100%        1
 Magic Dart               Conj           0%         1d3       100%        1
 Pain                     Necr           0%         1d4       100%        1
 Sting                    Tmut/Pois      0%         1d3       100%        1
 Summon Small Mammal      Summ           0%         N/A       100%        1
 Poisonous Vapours        Pois/Air       0%         N/A       100%        2
 Searing Ray              Conj           0%         3d3       100%        2
 Wereblood                Tmut           0%         N/A       100%        2
 Dazzling Flash           Conj/Hex       0%         N/A       100%        3
 Ignite Poison            Fire/Tmut/Pois 0%         N/A       100%        3
 Mephitic Cloud           Conj/Pois/Air  0%         N/A       100%        3
 Spider Form              Tmut/Pois      0%         N/A       100%        3
 Vampiric Draining        Necr           0%         2d6       100%        3
 Animate Dead             Necr           0%         N/A       100%        4
 Fulminant Prism          Conj/Hex       0%         3d6       100%        4
 Ice Form                 Ice/Tmut       0%         N/A       100%        4
 Iskenderun's Mystic Bla  Conj/Tloc      0%         2d3       100%        4
 Olgreb's Toxic Radiance  Pois           0%         N/A       100%        4
 Agony                    Necr           0%         N/A       100%        5
 Hydra Form               Tmut           0%         N/A       100%        5


Dungeon Overview and Level Annotations

Branches:
Dungeon (13/15)            Temple (1/1) D:5            Lair (0/6) D:11
    Orc (0/2) D:9
 Vaults: D:13-14

Altars:
Ashenzari
Cheibriados
Fedhas
Gozag
Hepliaklqana
Kikubaaqudgha
Okawaru
Sif Muna
Trog
Uskayaw
Vehumet
Wu Jian
Xom
Zin
The Shining One

Shops:
D:2 ?

Annotations:
D:6 2 transporters
D:13 nht's ghost, adept PaBe


Innate Abilities, Weirdness & Mutations

You have a pair of horns on your head.
You reflexively headbutt those who attack you in melee.
You have a beak for a mouth.
You have sharp fingernails.
You possess an exceptional clarity of mind.
You are strong-willed. (Will+)


Message History

You hit nht's ghost.
Nht's ghost is no longer distracted by gold.
Nht's ghost is lightly damaged.
A lich appears from thin air!
You block nht's ghost's attack.
You barely miss nht's ghost. You peck nht's ghost, but do no damage.
Nht's ghost is lightly damaged.
Nht's ghost hits you.
* * * LOW HITPOINT WARNING * * *
You hear some strange, mumbled words.
You hit nht's ghost but do no damage.
You headbutt nht's ghost, but do no damage.
You peck nht's ghost, but do no damage.
Nht's ghost is lightly damaged.
The lich is no longer moving quickly.
You block nht's ghost's attack.
You closely miss nht's ghost. You peck nht's ghost.
Nht's ghost is lightly damaged.
Nht's ghost hits you!!
* * * LOW HITPOINT WARNING * * *
Nht's ghost yells, "Who would have thought, even in death it is a pleasure to sever!"
You block nht's ghost's attack.
You hit nht's ghost but do no damage. Your headbutt misses nht's ghost.
Nht's ghost is lightly damaged.
Nht's ghost hits you but does no damage.
Okay, then.
Okay, then.
You block nht's ghost's attack.
You feel yourself speed up. Something touches you.
* * * LOW HITPOINT WARNING * * *
Deactivating autopickup; reactivate with Ctrl-A.
Something touches you but does no damage.
Nht's ghost screams, "You will never get the ORB!"
Something touches you but does no damage.
You hear some strange, mumbled words.
You feel yourself slow down.
The lich mumbles some strange words.
The lich seems to speed up.
Something conjures a glowing orb.
The wavering orb of destruction weakly hits you!!
You die...

#.....#.####
#........... ###
#.........# ###[###
#.....# ###=#.#:###
#.....# #$..⌠_⌠?.$#
##.#..# #.......#
#.#.<#
####'''########.##^#
#.......$L..W.{@...#
#####.###.......####
#...........#
#####.......#
#.......# #########


You could see a lich (fast) and nht's ghost.

Vanquished Creatures
  A lich (D:13)
  The ghost of Morbidden the Carver, a journeyman DgFi (D:12)
  A hydra (D:10)
  Erica (D:11)
  2 two-headed ogres
  A death knight (D:12)
  2 tengu warriors (D:12)
  An ugly thing (D:11)
  2 deep elf pyromancers (D:12)
  A manticore (D:11)
  A gargoyle (D:12)
  2 freezing wraiths (D:11)
  5 trolls
  A hornet (D:7)
  A meliai zombie (D:11)
  2 dream sheep (D:10)
  2 wyverns
  2 wraiths (D:12)
  14 yaks
  A steam dragon (D:10)
  3 vampire mosquitoes (D:12)
  2 acid dragons
  Duvessa (D:7)
  3 ice beasts (D:6)
  4 orc warriors
  2 sky beasts
  2 ogres
  2 necrophages
  3 centaurs
  4 kobold brigands
  2 gnoll sergeants
  7 bullfrogs
  2 scorpions
  Dowan (D:7)
  9 wights
  5 killer bees (D:7)
  An electric eel (D:6)
  3 centaur zombies
  2 jellies
  Crazy Yiuf (D:7)
  2 gnoll shamans
  4 iguanas
  5 orc priests
  13 orc wizards
  A killer bee zombie (D:7)
  23 gnolls
  A howler monkey skeleton (D:4)
  11 adders
  A white imp (D:5)
  2 ufetubi
  A worm (D:2)
  5 dart slugs
  39 orcs
  7 ball pythons
  8 bats
  7 endoplasms
  5 giant cockroaches
  7 goblins
  5 hobgoblins
  3 jackals (D:3)
  14 kobolds
  6 quokkas
  4 frilled lizards
  7 rats
  A bush (D:7)
285 creatures vanquished.

Vanquished Creatures (others)
  2 fungi (D:7)
  6 plants (D:10)
8 creatures vanquished.

Grand Total: 293 creatures vanquished

Notes
Turn   | Place    | Note
-------+----------+-------------------------------------------
     0 | D:1      | DarkShadow the Minotaur Fighter began the quest for the
                  | Orb.
     0 | D:1      | Reached XP level 1. HP: 19/19 MP: 0/0
   379 | D:1      | Reached XP level 2. HP: 27/27 MP: 1/1
   485 | D:1      | Reached skill level 3 in Long Blades
   721 | D:1      | Found a faded altar of an unknown god.
  1010 | D:1      | Reached XP level 3. HP: 33/33 MP: 2/2
  1130 | D:2      | Found Keenac's Magic Scroll Emporium.
  1360 | D:2      | Noticed a necrophage
  1366 | D:2      | Killed a necrophage
  1367 | D:2      | Reached skill level 4 in Long Blades
  1367 | D:2      | Reached XP level 4. HP: 41/41 MP: 3/3
  1517 | D:2      | Reached XP level 5. HP: 47/47 MP: 4/4
  1807 | D:3      | Found a shimmering altar of Xom.
  2065 | D:3      | Reached skill level 5 in Long Blades
  3100 | D:4      | Reached XP level 6. HP: 55/55 MP: 5/5
  3234 | D:4      | Reached skill level 5 in Shields
  3441 | D:4      | Found a glowing golden altar of the Shining One.
  3615 | D:4      | Reached skill level 5 in Armour
  4170 | D:5      | Entered Level 5 of the Dungeon
  4185 | D:5      | Reached skill level 5 in Fighting
  4185 | D:5      | Reached skill level 6 in Long Blades
  4225 | D:5      | Found a staircase to the Ecumenical Temple.
  4240 | Temple   | Entered the Ecumenical Temple
  4261 | Temple   | Became a worshipper of Gozag Ym Sagoz the Greedy
  4362 | D:5      | Reached XP level 7. HP: 61/61 MP: 6/6
  4555 | D:5      | Reached skill level 7 in Long Blades
  5147 | D:6      | Reached XP level 8. HP: 70/70 MP: 7/7
  5251 | D:6      | Found a transporter.
  5254 | D:6      | Noticed a kobold demonologist
  5262 | D:6      | Noticed a kobold demonologist
  5269 | D:6      | Found a transporter.
  5316 | D:6      | Reached skill level 8 in Long Blades
  5791 | D:6      | Reached skill level 9 in Long Blades
  6011 | D:6      | Found a blossoming altar of Fedhas.
  6196 | D:6      | Found a hazy altar of Hepliaklqana.
  6196 | D:6      | Found a shimmering blue altar of Sif Muna.
  6430 | D:7      | Reached XP level 9. HP: 78/78 MP: 8/8
  6587 | D:7      | Found a broken altar of Ashenzari.
  6786 | D:7      | Noticed Dowan
  6787 | D:7      | Noticed Duvessa
  6794 | D:7      | Killed Dowan
  6804 | D:7      | Killed Duvessa
  7305 | D:7      | Reached skill level 10 in Long Blades
  7311 | D:7      | HP: 5/117 [poisoned by a killer bee]
  8095 | D:7      | Found a runed translucent door.
  8096 | D:7      | Noticed Crazy Yiuf
  8105 | D:7      | Killed Crazy Yiuf
  8328 | D:8      | Found a bloodstained altar of Trog.
  9216 | D:8      | Reached skill level 11 in Long Blades
  9216 | D:8      | Reached XP level 10. HP: 79/86 MP: 9/9
 10028 | D:9      | Found a staircase to the Orcish Mines.
 10328 | D:10     | Entered Level 10 of the Dungeon
 10591 | D:10     | Noticed a two-headed ogre
 10600 | D:10     | Killed a two-headed ogre
 10978 | D:10     | Found a glowing silver altar of Zin.
 11025 | D:10     | Noticed a two-headed hydra
 11033 | D:10     | Reached skill level 10 in Shields
 11042 | D:10     | Killed a 12-headed hydra
 11043 | D:10     | Reached skill level 12 in Long Blades
 11052 | D:10     | Reached skill level 10 in Armour
 11526 | D:11     | Reached XP level 11. HP: 95/95 MP: 10/10
 11533 | D:11     | Gained mutation: You are partially covered in iridescent
                  | scales. (AC +2) [potion of mutation]
 11533 | D:11     | Gained mutation: You are agile. (Dex +2) [potion of
                  | mutation]
 11534 | D:11     | Lost mutation: You are partially covered in iridescent
                  | scales. (AC +2) [potion of mutation]
 11534 | D:11     | Lost mutation: You are agile. (Dex +2) [potion of mutation]
 11534 | D:11     | Gained mutation: Armour fits poorly on your strangely
                  | shaped body. [potion of mutation]
 11534 | D:11     | Gained mutation: You possess an exceptional clarity of
                  | mind. [potion of mutation]
 11534 | D:11     | Gained mutation: You have sharp toenails. [potion of
                  | mutation]
 11534 | D:11     | Gained mutation: You have a beak for a mouth. [potion of
                  | mutation]
 11535 | D:11     | Lost mutation: You possess an exceptional clarity of mind.
                  | [potion of mutation]
 11535 | D:11     | Lost mutation: Armour fits poorly on your strangely shaped
                  | body. [potion of mutation]
 11535 | D:11     | Lost mutation: You have sharp toenails. [potion of
                  | mutation]
 11535 | D:11     | Gained mutation: You possess an exceptional clarity of
                  | mind. [potion of mutation]
 11535 | D:11     | Gained mutation: You have sharp fingernails. [potion of
                  | mutation]
 11535 | D:11     | Gained mutation: You are strong-willed. (Will+) [potion of
                  | mutation]
 11675 | D:11     | Noticed a two-headed ogre
 11696 | D:11     | Killed a two-headed ogre
 11708 | D:11     | Noticed a brown ugly thing
 11719 | D:11     | Killed a brown ugly thing
 12080 | D:11     | Found a staircase to the Lair.
 12227 | D:11     | Reached skill level 13 in Long Blades
 12362 | D:11     | Noticed Erica
 12374 | D:11     | Killed Erica
 12547 | D:12     | Noticed a deep elf pyromancer
 12553 | D:12     | Killed a deep elf pyromancer
 12608 | D:12     | Noticed a death knight
 13637 | D:12     | Killed a death knight
 13971 | D:12     | Found a runed translucent door.
 13971 | D:12     | Noticed Morbidden's ghost (journeyman DgFi)
 14020 | D:12     | Killed Morbidden's ghost
 14255 | D:12     | Noticed a deep elf pyromancer
 14275 | D:12     | Killed a deep elf pyromancer
 14321 | D:12     | Noticed a tengu warrior
 14335 | D:12     | Noticed a tengu warrior
 14346 | D:12     | Killed a tengu warrior
 14347 | D:12     | Reached skill level 10 in Fighting
 14347 | D:12     | Reached XP level 12. HP: 31/106 MP: 11/11
 14356 | D:12     | Killed a tengu warrior
 15003 | D:12     | Reached skill level 14 in Long Blades
 15275 | D:13     | Found a runed translucent gate.
 15276 | D:13     | Found a runed translucent gate.
 15277 | D:13     | Found a runed translucent gate.
 15278 | D:13     | Found an ancient bone altar of Kikubaaqudgha.
 15278 | D:13     | Noticed a lich
 15278 | D:13     | Noticed nht's ghost (adept PaBe)
 15278 | D:13     | Noticed a lich
 15279 | D:13     | Noticed a lich
 15279 | D:13     | Noticed a lich
 15318 | D:13     | Killed a lich
 15332 | D:13     | Blown up by a lich

Illustrated notes

Levels and vault maps discovered:
D:1:      scummos_arrival_hexagon, layout_basic,
          shapermc_ecumenical_altar_notcrosses
D:2:      layout_rooms, serial_curves, eino_curves_01, eino_curves_04,
          serial_shops, shop
D:3:      wad_river_or_something, layout_basic, lemuel_tele_altar,
          chequers_serial_rivers_micro_a, due_unseen_surprise
D:4:      layout_basic, kennysheep_mini
D:5:      layout_loops_cross, minmay_temple_entry_mini_moons,
          kennysheep_cross_room
D:6:      gammafunk_wand_slinger, layout_basic, kennysheep_mini_moat,
          gammafunk_temple_overflow_elements, kennysheep_generic_room_16
D:7:      layout_gridville, ashenzari_altar_1, uniq_crazy_yiuf_cottage,
          uniq_duvessa
D:8:      layout_basic, lemuel_doored_altar
D:9:      layout_roguey, orc_0_dummy
D:10:     layout_basic, zin_treasury, hangedman_ranch [blue_anna_fruit_fields]
D:11:     layout_rooms, lair_entry_dummy, uniq_erica
D:12:     layout_rooms, hellmonk_ghost_happy_afterlife,
          kennysheep_generic_room_2
D:13:     minmay_swirls_squares, layout_basic, gammafunk_ghost_crypt
Temple:   eino_temple_water

Skill      XL: |  1  2  3  4  5  6  7  8  9 10 11 12 |
---------------+-------------------------------------+-----
Fighting       | 4 5 6 7 8 10 | 10.6
Long Blades    | 3 4 5 6 7 9 11 12 13 14 | 14.1
Armour         | 4 5 6 7 9 10 11 12 | 12.2
Shields        | 4 5 6 7 9 10 12 | 12.8

Action                   |  1- 3 |  4- 6 |  7- 9 | 10-12 || total
-------------------------+-------+-------+-------+-------++-------
Melee: Long sword        |    86 |   127 |   319 |   468 ||  1000
       Headbutt          |     9 |    16 |    97 |   123 ||   245
       Peck              |       |       |       |    70 ||    70
  Use: Scroll            |       |     8 |     5 |     7 ||    20
       Potion            |       |       |     3 |    11 ||    14
 Stab: Distracted        |       |       |     1 |     1 ||     2
Armor: Scale mail        |    58 |    54 |   116 |    26 ||   254
       Plate armour      |       |       |       |   237 ||   237
       Skin              |       |       |       |     1 ||     1
Dodge: Dodged            |    26 |    38 |    87 |    98 ||   249
Block: Kite shield       |    60 |    70 |   174 |   281 ||   585
       Rpst.: Long sword |     6 |    13 |    26 |    11 ||    56

Table legend: (Time is in decaauts)
 A = Elapsed time spent in this place.
 B = Non-inter-level travel time spent in this place.
 C = Inter-level travel time spent in this place.
 D = Time resting spent in this place.
 E = Time spent auto-exploring this place.
 F = Levels seen in this place.
 G = Mean time per level.
                   A        B        C        D        E       F      G
               +--------+--------+--------+--------+--------+-----+--------+
         Total |  15383 |  15160 |    223 |   5129 |   7037 |  14 | 1098.8 |
       Dungeon |  15334 |  15111 |    223 |   5129 |   7035 |  13 | 1179.5 |
        Temple |     48 |     48 |      0 |      0 |      2 |   1 |   48.0 |
               +--------+--------+--------+--------+--------+-----+--------+

Top non-repeatable levels by time:
    D:11: 2283 daAuts
     D:7: 1884 daAuts
    D:12: 1502 daAuts
     D:3: 1344 daAuts
     D:8: 1329 daAuts
     D:6: 1252 daAuts
     D:1: 1125 daAuts
    D:10: 1095 daAuts
     D:4: 1090 daAuts
     D:5: 843 daAuts
     D:9: 814 daAuts
     D:2: 695 daAuts
    D:13: 73 daAuts
  Temple: 48 daAuts
